Calgary Flames vs New York Rangers
Created - Sunday, April 28, 2024 at 07:44
Goals
|
| Calgary Flames |
2 |
2 |
0 |
4 |
| New York Rangers |
0 |
0 |
2 |
2 |
|
Shots
|
| Calgary Flames |
12 |
16 |
8 |
36 |
| New York Rangers |
9 |
6 |
21 |
36 |
|
1st period
1. Calgary Flames , Sebastian Aho 28 (Cole Sillinger 6, Jeff Petry 21) at 14:58
2. Calgary Flames , Sebastian Aho 29 (Ryan McDonagh 10, Timo Meier 18) at 16:44
Penalties :
Mathew Barzal (NYR) for Holding (Minor) at 4:19, Sebastian Aho (CGY) for Interference (Minor) at 8:24, Artemi Panarin (NYR) for Interference (Minor) at 17:44
2nd period
3. Calgary Flames , Matthew Tkachuk 27 (J.T. Miller 37) at 6:28 (PP)
4. Calgary Flames , J.T. Miller 17 (Matthew Tkachuk 30, Joel Eriksson Ek 24) at 15:49
Penalties :
Matthew Benning (NYR) for Hooking (Minor) at 5:24, Drew Doughty (CGY) for Hooking (Minor) at 7:22
3rd period
5. New York Rangers , Nathan MacKinnon 25 (Matthew Benning 10) at 0:12
6. New York Rangers , Nathan MacKinnon 26 (Filip Chytil 15, Mark Giordano 19) at 11:14 (PP)
Penalties :
Zach Hyman (CGY) for Slashing (Minor) at 0:33, Michael Anderson (CGY) for Slashing (Minor) at 10:42
Goalie Stats
Samuel Montembeault (CGY), 34 saves from 36 shots - (0.944), W, 15-8-4, 60:00 minutes
Igor Shesterkin (NYR), 32 saves from 36 shots - (0.889), L, 29-15-5, 60:00 minutes
Players Stats for Calgary Flames
Player Name G A P +/- PIM S H SB GA TA FO MP PP MP PK MP
------------------------------------------------------------------------------------
Cole Sillinger 0 1 1 0 0 2 0 0 0 0 3/3 8:44 0:30 0:00
Drew Doughty 0 0 0 1 2 1 1 0 0 0 0/0 21:33 1:25 1:49
J.T. Miller 1 1 2 1 0 4 2 0 0 1 14/17 18:00 2:10 3:17
Jeff Petry 0 1 1 1 0 0 2 2 0 0 0/0 24:47 2:30 4:01
Joel Eriksson Ek 0 1 1 1 0 3 1 0 0 0 1/2 19:08 2:10 3:12
Kris Letang 0 0 0 0 0 1 2 1 2 1 0/0 19:26 2:16 0:00
Mathieu Joseph 0 0 0 -1 0 3 3 0 0 0 0/0 18:18 0:45 3:12
Matthew Tkachuk 1 1 2 1 0 7 1 0 1 0 1/1 14:57 2:10 0:00
Michael Anderson 0 0 0 1 2 1 0 1 0 0 0/0 17:14 0:00 3:08
Nic Dowd 0 0 0 -1 0 1 0 2 0 0 3/18 17:45 0:39 3:17
Oliver Bjorkstrand 0 0 0 -1 0 0 4 1 1 0 0/1 12:43 0:45 0:00
Rafael Harvey-Pinard 0 0 0 0 0 1 0 1 1 0 0/0 8:26 0:12 0:00
Rasmus Andersson 0 0 0 1 0 3 0 0 0 0 0/0 16:30 3:26 0:14
Ryan McDonagh 0 1 1 0 0 1 1 4 0 0 0/0 20:54 0:27 3:46
Sebastian Aho 2 0 2 2 2 5 0 1 0 0 8/12 15:52 1:55 0:00
Timo Meier 0 1 1 2 0 2 0 1 0 0 0/0 15:10 1:55 0:00
Yakov Trenin 0 0 0 0 0 0 1 0 0 0 0/0 8:14 0:00 0:00
Zach Hyman 0 0 0 2 2 1 0 0 1 0 0/0 15:46 1:55 0:00
Players Stats for New York Rangers
Player Name G A P +/- PIM S H SB GA TA FO MP PP MP PK MP
------------------------------------------------------------------------------------
Adam Larsson 0 0 0 -1 0 0 5 1 0 0 0/0 25:15 4:28 2:41
Artemi Panarin 0 0 0 1 2 5 1 2 1 0 1/2 19:15 3:36 0:00
Cam Fowler 0 0 0 -2 0 0 2 3 0 0 0/0 15:48 0:00 0:33
Cole Caufield 0 0 0 0 0 1 0 0 0 1 1/1 14:58 2:53 0:09
Conor Garland 0 0 0 -1 0 2 0 0 0 1 0/0 10:11 0:00 0:00
David Kampf 0 0 0 -2 0 1 0 0 0 0 1/7 12:31 0:00 2:14
Dmitry Kulikov 0 0 0 -2 0 1 0 2 0 1 0/0 17:19 0:00 1:48
Eric Robinson 0 0 0 -2 0 2 3 0 0 0 0/1 12:31 0:00 2:26
Filip Chytil 0 1 1 0 0 3 0 0 0 1 5/11 14:15 2:01 0:09
Gabriel Landeskog 0 0 0 -1 0 3 3 0 0 0 0/0 13:53 2:53 0:00
Jake McCabe 0 0 0 1 0 0 3 1 0 0 0/0 15:07 0:00 0:31
Mark Giordano 0 1 1 -1 0 3 2 1 0 1 0/0 21:25 2:01 2:41
Mathew Barzal 0 0 0 0 2 3 1 1 1 0 1/1 17:54 4:28 0:00
Matthew Benning 0 1 1 1 2 0 2 0 0 0 0/0 16:41 0:00 1:50
Mikael Granlund 0 0 0 -1 0 1 1 1 0 0 1/7 15:42 2:53 1:43
Nathan MacKinnon 2 0 2 1 0 6 1 0 0 1 2/2 19:02 3:36 0:00
Pierre-Luc Dubois 0 0 0 1 0 4 1 0 0 0 12/22 20:23 3:36 1:09
Tyler Motte 0 0 0 -2 0 1 1 1 0 0 0/0 12:45 0:00 2:14
3 Stars
1 - Sebastian Aho (CGY)
2 - J.T. Miller (CGY)
3 - Nathan MacKinnon (NYR)
Power Play
Calgary Flames - 1 on 3 Attempt(s) - 33.33%
New York Rangers - 1 on 4 Attempt(s) - 25.00%
Penalty Kill
Calgary Flames - 3 on 4 Attempt(s) - 75.00%
- Score 0 goal in Penalty Kill
New York Rangers - 2 on 3 Attempt(s) - 66.67%
- Score 0 goal in Penalty Kill
Team Stat
Calgary Flames - Hits : 18 - Faceoff Wins : 30 - Blocked Shots : 14 - Penalty Minutes : 8
New York Rangers - Hits : 26 - Faceoff Wins : 24 - Blocked Shots : 13 - Penalty Minutes : 6
Official
Referees : Steve Kozari and Dennis LaRue
Linesman : Darren Gibbs and Steve Barton
Game Notes
No Game Note
Finance
Level 1 -- Attendance: 5058 (84.30%) -- Ticket Income $515,916
Level 2 -- Attendance: 3408 (68.16%) -- Ticket Income $214,704
Level 3 -- Attendance: 2130 (71.00%) -- Ticket Income $87,330
Level 4 -- Attendance: 3403 (68.06%) -- Ticket Income $95,284
Luxury Box -- Attendance: 848 (84.80%) -- Ticket Income $165,360
Game was played at the Madison Square Garden.
Total Attendance: 14847 (74.24%)
Total Ticket Income: $1,078,594
Other Income: $377,508
Total Income: $1,456,102
Calgary Flames
5 vs 5 Forward
Center Left Wing Right Wing Time % Phy DF OF
1 J.T. Miller Matthew Tkachuk Joel Eriksson Ek 31 0 2 3
2 Sebastian Aho Zach Hyman Timo Meier 30 0 2 3
3 Nic Dowd Mathieu Joseph Oliver Bjorkstrand 29 0 2 3
4 Cole Sillinger Rafael Harvey-Pinard Yakov Trenin 10 1 3 1
5 vs 5 Defense
Defense Defense Time % Phy DF OF
1 Drew Doughty Jeff Petry 35 1 3 1
2 Ryan McDonagh Kris Letang 35 1 3 1
3 Michael Anderson Rasmus Andersson 30 1 3 1
4 Kris Letang Jeff Petry 0 1 3 1
PowerPlay Forward
Center Left Wing Right Wing Time % Phy DF OF
1 J.T. Miller Matthew Tkachuk Joel Eriksson Ek 50 0 0 5
2 Sebastian Aho Zach Hyman Timo Meier 50 0 0 5
PowerPlay Defense
Defense Defense Time % Phy DF OF
1 Kris Letang Drew Doughty 50 0 0 5
2 Rasmus Andersson Jeff Petry 50 0 0 5
Penalty Kill 4 Players Forward
Center Wing Time % Phy DF OF
1 Joel Eriksson Ek Mathieu Joseph 50 0 5 0
2 J.T. Miller Nic Dowd 50 0 5 0
Penalty Kill 4 Players Defense
Defense Defense Time % Phy DF OF
1 Jeff Petry Ryan McDonagh 50 0 5 0
2 Michael Anderson Drew Doughty 50 0 5 0
Penalty Kill - 3 Players Forward
Forward Time % Phy DF OF
1 J.T. Miller 50 0 5 0
2 Sebastian Aho 50 0 5 0
Penalty Kill - 3 Players Defense
Defense Defense Time % Phy DF OF
1 Kris Letang Jeff Petry 50 0 5 0
2 Michael Anderson Drew Doughty 50 0 5 0
4 vs 4 Forward
Center Wing Time % Phy DF OF
1 J.T. Miller Timo Meier 50 1 2 2
2 Sebastian Aho Zach Hyman 50 1 2 2
4 vs 4 Defense
Defense Defense Time % Phy DF OF
1 Kris Letang Jeff Petry 50 1 2 2
2 Drew Doughty Michael Anderson 50 1 2 2
Last Minutes Offensive
Center Left Wing Right Wing Defense Defense
J.T. Miller Matthew Tkachuk Sebastian Aho Kris Letang Drew Doughty
Last Minutes Defensive
Center Left Wing Right Wing Defense Defense
J.T. Miller Sebastian Aho Joel Eriksson Ek Ryan McDonagh Drew Doughty
Goaltenders
Starting : Samuel Montembeault
Backup : Ilya Sorokin
Extra Forwards
Normal : Nic Dowd, Joel Eriksson Ek, Mathieu Joseph - PP : Nic Dowd, Joel Eriksson Ek - PK : Mathieu Joseph
Extra Defensemen
Normal : Rasmus Andersson, Michael Anderson, Jeff Petry - PP : Rasmus Andersson - PK : Michael Anderson, Jeff Petry
Penalty Shots
J.T. Miller, Matthew Tkachuk, Sebastian Aho, Joel Eriksson Ek, Timo Meier
New York Rangers
5 vs 5 Forward
Center Left Wing Right Wing Time % Phy DF OF
1 Pierre-Luc Dubois Artemi Panarin Nathan MacKinnon 37 0 1 4
2 Filip Chytil Cole Caufield Mathew Barzal 30 1 1 3
3 Mikael Granlund Conor Garland Gabriel Landeskog 23 1 2 2
4 David Kampf Eric Robinson Tyler Motte 10 1 3 1
5 vs 5 Defense
Defense Defense Time % Phy DF OF
1 Cam Fowler Dmitry Kulikov 35 1 2 2
2 Adam Larsson Mark Giordano 33 1 2 2
3 Matthew Benning Jake McCabe 32 1 2 2
4 Cam Fowler Adam Larsson 0 1 2 2
PowerPlay Forward
Center Left Wing Right Wing Time % Phy DF OF
1 Pierre-Luc Dubois Nathan MacKinnon Artemi Panarin 50 0 1 4
2 Mikael Granlund Gabriel Landeskog Cole Caufield 50 0 1 4
PowerPlay Defense
Defense Defense Time % Phy DF OF
1 Mathew Barzal Adam Larsson 60 1 1 3
2 Filip Chytil Mark Giordano 40 1 1 3
Penalty Kill 4 Players Forward
Center Wing Time % Phy DF OF
1 David Kampf Tyler Motte 50 1 3 1
2 Mikael Granlund Eric Robinson 50 1 3 1
Penalty Kill 4 Players Defense
Defense Defense Time % Phy DF OF
1 Matthew Benning Dmitry Kulikov 50 1 3 1
2 Adam Larsson Mark Giordano 50 1 3 1
Penalty Kill - 3 Players Forward
Forward Time % Phy DF OF
1 Mikael Granlund 50 1 2 2
2 David Kampf 50 1 2 2
Penalty Kill - 3 Players Defense
Defense Defense Time % Phy DF OF
1 Matthew Benning Dmitry Kulikov 50 1 3 1
2 Adam Larsson Mark Giordano 50 1 3 1
4 vs 4 Forward
Center Wing Time % Phy DF OF
1 Nathan MacKinnon Artemi Panarin 50 0 2 3
2 Pierre-Luc Dubois Cole Caufield 50 0 2 3
4 vs 4 Defense
Defense Defense Time % Phy DF OF
1 Cam Fowler Adam Larsson 50 1 2 2
2 Dmitry Kulikov Mark Giordano 50 1 2 2
Last Minutes Offensive
Center Left Wing Right Wing Defense Defense
Nathan MacKinnon Cole Caufield Pierre-Luc Dubois Cam Fowler Adam Larsson
Last Minutes Defensive
Center Left Wing Right Wing Defense Defense
David Kampf Tyler Motte Mikael Granlund Dmitry Kulikov Adam Larsson
Goaltenders
Starting : Igor Shesterkin
Backup : Tristan Jarry
Extra Forwards
Normal : Nathan MacKinnon, Pierre-Luc Dubois, Gabriel Landeskog - PP : Gabriel Landeskog, Cole Caufield - PK : David Kampf
Extra Defensemen
Normal : Matthew Benning, Jake McCabe, Dmitry Kulikov - PP : Matthew Benning - PK : Jake McCabe, Dmitry Kulikov
Penalty Shots
Artemi Panarin, Cole Caufield, Pierre-Luc Dubois, Mark Giordano, David Kampf
% Time on Ice - Calgary Flames
Lines # - Real PCT - Wanted PCT - Time Play
Normal Forward
1 - 29% - 31% - 13:54
2 - 30% - 30% - 14:23
3 - 25% - 29% - 11:58
4 - 17% - 10% - 8:14
Normal Defense
1 - 35% - 35% - 16:48
2 - 36% - 35% - 17:25
3 - 28% - 30% - 13:36
4 - 1% - 0% - 0:40
PP Forward
1 - 43% - 50% - 2:10
2 - 57% - 50% - 2:52
PP Defense
1 - 45% - 50% - 2:16
2 - 55% - 50% - 2:46
PK Forward
1 - 49% - 50% - 3:12
2 - 51% - 50% - 3:17
PK Defense
1 - 52% - 50% - 3:21
2 - 48% - 50% - 3:08
PK3 Forward
1 - 0% - 50%
2 - 0% - 50%
PK3 Defense
1 - 0% - 50%
2 - 0% - 50%
44 Forward
1 - 0% - 50%
2 - 0% - 50%
44 Defense
1 - 0% - 50%
2 - 0% - 50%
Last Minute Offensive - 0:00
Last Minute Defensive - 0:00
Total
Forward - 60:00
Defense - 60:00
|
% Time on Ice - New York Rangers
Lines # - Real PCT - Wanted PCT - Time Play
Normal Forward
1 - 33% - 37% - 15:51
2 - 26% - 30% - 12:36
3 - 21% - 23% - 9:57
4 - 21% - 10% - 10:05
Normal Defense
1 - 35% - 35% - 17:10
2 - 34% - 33% - 16:43
3 - 30% - 32% - 14:36
4 - 0% - 0% - 0:00
PP Forward
1 - 56% - 50% - 3:36
2 - 44% - 50% - 2:53
PP Defense
1 - 69% - 60% - 4:28
2 - 31% - 40% - 2:01
PK Forward
1 - 47% - 50% - 2:23
2 - 53% - 50% - 2:39
PK Defense
1 - 47% - 50% - 2:21
2 - 53% - 50% - 2:41
PK3 Forward
1 - 0% - 50%
2 - 0% - 50%
PK3 Defense
1 - 0% - 50%
2 - 0% - 50%
44 Forward
1 - 0% - 50%
2 - 0% - 50%
44 Defense
1 - 0% - 50%
2 - 0% - 50%
Last Minute Offensive - 0:00
Last Minute Defensive - 0:00
Total
Forward - 60:00
Defense - 60:00
|
Play-by-Play
1st period
0:01 of 1st period - Matthew Tkachuk wins face-off versus Pierre-Luc Dubois in neutral zone.
0:26 of 1st period - Drew Doughty is hit by Mikael Granlund and loses puck.
0:31 of 1st period - Wrist shot by Conor Garland.
0:31 of 1st period - Stopped by Samuel Montembeault with a rebound.
0:41 of 1st period - Snap shot by Matthew Tkachuk.
0:41 of 1st period - Stopped by Igor Shesterkin with a rebound.
1:09 of 1st period - Slapshot by J.T. Miller.
1:09 of 1st period - Shot Misses the Net.
1:49 of 1st period - Slapshot by Gabriel Landeskog.
1:49 of 1st period - Stopped by Samuel Montembeault with a rebound.
1:57 of 1st period - J.T. Miller is hit by Mark Giordano and loses puck.
2:06 of 1st period - Slapshot by Conor Garland.
2:06 of 1st period - Stopped by Samuel Montembeault with a rebound.
2:42 of 1st period - Snap shot by Gabriel Landeskog.
2:42 of 1st period - Deflect By Mikael Granlund.
2:42 of 1st period - Stopped by Samuel Montembeault with a rebound.
2:58 of 1st period - Wrist shot by Matthew Tkachuk.
2:58 of 1st period - Stopped by Igor Shesterkin with a rebound.
3:00 of 1st period - Snap shot by Matthew Tkachuk.
3:00 of 1st period - Stopped by Igor Shesterkin without a rebound.
3:01 of 1st period - Filip Chytil wins face-off versus Sebastian Aho in New York Rangers zone.
3:28 of 1st period - Nic Dowd is hit by Jake McCabe and loses puck.
3:41 of 1st period - Snap shot by Eric Robinson.
3:41 of 1st period - Shot Misses the Net.
4:13 of 1st period - Dmitry Kulikov is hit by Kris Letang and loses puck.
4:19 of 1st period - Minor Penalty to Mathew Barzal for Holding.
4:20 of 1st period - Sebastian Aho wins face-off versus David Kampf in New York Rangers zone.
5:06 of 1st period - Oliver Bjorkstrand is hit by Jake McCabe and loses puck.
5:13 of 1st period - Eric Robinson is hit by Kris Letang.
5:17 of 1st period - Mathieu Joseph is hit by Eric Robinson and loses puck.
6:19 of 1st period - Penalty to Mathew Barzal is over, Mathew Barzal is back on ice.
6:29 of 1st period - Snap shot by David Kampf.
6:29 of 1st period - Deflect By Cole Caufield.
6:29 of 1st period - Shot Blocked by Rafael Harvey-Pinard.
6:29 of 1st period - Puck is out of play.
6:30 of 1st period - Cole Sillinger wins face-off versus Filip Chytil in Calgary Flames zone.
6:43 of 1st period - Wrist shot by Mathew Barzal.
6:43 of 1st period - Stopped by Samuel Montembeault with a rebound.
7:35 of 1st period - Matthew Benning is hit by Oliver Bjorkstrand and loses puck.
7:51 of 1st period - Wrist shot by Oliver Bjorkstrand.
7:51 of 1st period - Shot Blocked by Jake McCabe.
8:05 of 1st period - Snap shot by David Kampf.
8:05 of 1st period - Shot Misses the Net.
8:07 of 1st period - Wrist shot by Tyler Motte.
8:07 of 1st period - Stopped by Samuel Montembeault with a rebound.
8:09 of 1st period - Snap shot by Eric Robinson.
8:09 of 1st period - Stopped by Samuel Montembeault without a rebound.
8:10 of 1st period - Sebastian Aho wins face-off versus Filip Chytil in Calgary Flames zone.
8:24 of 1st period - Minor Penalty to Sebastian Aho for Interference.
8:25 of 1st period - J.T. Miller wins face-off versus Pierre-Luc Dubois in Calgary Flames zone.
8:37 of 1st period - Snap shot by Nathan MacKinnon.
8:37 of 1st period - Shot Misses the Net.
8:39 of 1st period - Snap shot by Pierre-Luc Dubois.
8:39 of 1st period - Stopped by Samuel Montembeault without a rebound.
8:40 of 1st period - J.T. Miller wins face-off versus Mikael Granlund in Calgary Flames zone.
8:55 of 1st period - Wrist shot by Nic Dowd.
8:55 of 1st period - Deflect By J.T. Miller.
8:55 of 1st period - Shot Blocked by Mikael Granlund.
8:55 of 1st period - Puck is out of play.
8:56 of 1st period - Pierre-Luc Dubois wins face-off versus Joel Eriksson Ek in New York Rangers zone.
9:42 of 1st period - Ryan McDonagh is hit by Gabriel Landeskog and loses puck.
10:24 of 1st period - Penalty to Sebastian Aho is over, Sebastian Aho is back on ice.
10:28 of 1st period - Sebastian Aho is hit by Adam Larsson and loses puck.
10:45 of 1st period - Wrist shot by Joel Eriksson Ek.
10:45 of 1st period - Shot Misses the Net.
11:07 of 1st period - Snap shot by David Kampf.
11:07 of 1st period - Shot Blocked by Jeff Petry.
11:15 of 1st period - Adam Larsson is hit by Jeff Petry and loses puck.
11:20 of 1st period - Wrist shot by Sebastian Aho.
11:20 of 1st period - Shot Misses the Net.
11:22 of 1st period - Slapshot by Rasmus Andersson.
11:22 of 1st period - Shot Blocked by Tyler Motte.
11:24 of 1st period - Wrist shot by Rasmus Andersson.
11:24 of 1st period - Shot Misses the Net.
11:26 of 1st period - Slapshot by Michael Anderson.
11:26 of 1st period - Stopped by Igor Shesterkin without a rebound.
11:27 of 1st period - Cole Sillinger wins face-off versus Pierre-Luc Dubois in New York Rangers zone.
12:03 of 1st period - Slapshot by Mikael Granlund.
12:03 of 1st period - Shot Misses the Net.
12:35 of 1st period - Timo Meier is hit by Nathan MacKinnon and loses puck.
12:54 of 1st period - Wrist shot by Artemi Panarin.
12:54 of 1st period - Deflect By Gabriel Landeskog.
12:54 of 1st period - Shot Misses the Net.
12:54 of 1st period - Puck is out of play.
12:55 of 1st period - J.T. Miller wins face-off versus Mikael Granlund in Calgary Flames zone.
13:22 of 1st period - Ryan McDonagh is hit by Mathew Barzal and loses puck.
14:01 of 1st period - Wrist shot by Zach Hyman.
14:01 of 1st period - Shot Blocked by Mark Giordano.
14:03 of 1st period - Wrist shot by Mathieu Joseph.
14:03 of 1st period - Stopped by Igor Shesterkin with a rebound.
14:05 of 1st period - Snap shot by Rasmus Andersson.
14:05 of 1st period - Stopped by Igor Shesterkin with a rebound.
14:37 of 1st period - Jeff Petry is hit by Adam Larsson and loses puck.
14:58 of 1st period - Slapshot by Sebastian Aho.
14:58 of 1st period - Goal by Sebastian Aho - Calgary Flames : 1 - New York Rangers : 0.
14:59 of 1st period - Pierre-Luc Dubois wins face-off versus Nic Dowd in neutral zone.
15:01 of 1st period - Off-side.
15:02 of 1st period - Artemi Panarin wins face-off versus Nic Dowd in neutral zone.
15:49 of 1st period - Snap shot by Tyler Motte.
15:49 of 1st period - Shot Blocked by Kris Letang.
16:12 of 1st period - Wrist shot by Sebastian Aho.
16:12 of 1st period - Shot Blocked by Cam Fowler.
16:38 of 1st period - Snap shot by Zach Hyman.
16:38 of 1st period - Shot Misses the Net.
16:40 of 1st period - Wrist shot by Timo Meier.
16:40 of 1st period - Stopped by Igor Shesterkin with a rebound.
16:42 of 1st period - Slapshot by Ryan McDonagh.
16:42 of 1st period - Stopped by Igor Shesterkin with a rebound.
16:44 of 1st period - Backhand shot by Sebastian Aho.
16:44 of 1st period - Goal by Sebastian Aho - Calgary Flames : 2 - New York Rangers : 0.
16:45 of 1st period - Pierre-Luc Dubois wins face-off versus Nic Dowd in neutral zone.
17:12 of 1st period - Matthew Tkachuk is hit by Jake McCabe and loses puck.
17:41 of 1st period - Wrist shot by Cole Sillinger.
17:41 of 1st period - Stopped by Igor Shesterkin without a rebound.
17:42 of 1st period - Pierre-Luc Dubois wins face-off versus Nic Dowd in New York Rangers zone.
17:44 of 1st period - Minor Penalty to Artemi Panarin for Interference.
17:45 of 1st period - J.T. Miller wins face-off versus Mikael Granlund in New York Rangers zone.
17:49 of 1st period - Snap shot by J.T. Miller.
17:49 of 1st period - Deflect By Joel Eriksson Ek.
17:49 of 1st period - Stopped by Igor Shesterkin without a rebound.
17:50 of 1st period - J.T. Miller wins face-off versus Mikael Granlund in New York Rangers zone.
18:27 of 1st period - Snap shot by David Kampf.
18:27 of 1st period - Stopped by Samuel Montembeault with a rebound.
19:44 of 1st period - Penalty to Artemi Panarin is over, Artemi Panarin is back on ice.
19:53 of 1st period - Matthew Benning is hit by Ryan McDonagh and loses puck.
Goals for this period are 2 for Calgary Flames vs 0 for New York Rangers.
Shots for this period are 12 for Calgary Flames vs 9 for New York Rangers.
2nd period
0:01 of 2nd period - Pierre-Luc Dubois wins face-off versus Nic Dowd in neutral zone.
0:12 of 2nd period - Wrist shot by Artemi Panarin.
0:12 of 2nd period - Shot Blocked by Nic Dowd.
0:14 of 2nd period - Slapshot by Dmitry Kulikov.
0:14 of 2nd period - Stopped by Samuel Montembeault without a rebound.
0:15 of 2nd period - Sebastian Aho wins face-off versus Filip Chytil in Calgary Flames zone.
0:15 of 2nd period - Sebastian Aho is hit by Matthew Benning.
0:21 of 2nd period - Snap shot by Sebastian Aho.
0:21 of 2nd period - Shot Misses the Net.
0:41 of 2nd period - Nathan MacKinnon is hit by Oliver Bjorkstrand and loses puck.
0:50 of 2nd period - Slapshot by Pierre-Luc Dubois.
0:50 of 2nd period - Stopped by Samuel Montembeault with a rebound.
0:52 of 2nd period - Slapshot by Mark Giordano.
0:52 of 2nd period - Stopped by Samuel Montembeault with a rebound.
1:30 of 2nd period - Off-side.
1:31 of 2nd period - Nic Dowd wins face-off versus Artemi Panarin in neutral zone.
1:46 of 2nd period - Nic Dowd is hit by Cam Fowler and loses puck.
1:57 of 2nd period - Wrist shot by Mathew Barzal.
1:57 of 2nd period - Shot Blocked by Michael Anderson.
2:03 of 2nd period - Timo Meier is hit by Matthew Benning and loses puck.
3:09 of 2nd period - Icing by Kris Letang.
3:10 of 2nd period - Mathew Barzal wins face-off versus Nic Dowd in Calgary Flames zone.
3:11 of 2nd period - Wrist shot by Filip Chytil.
3:11 of 2nd period - Shot Misses the Net.
3:13 of 2nd period - Wrist shot by Filip Chytil.
3:13 of 2nd period - Shot Misses the Net.
3:15 of 2nd period - Snap shot by Mark Giordano.
3:15 of 2nd period - Shot Blocked by Oliver Bjorkstrand.
3:35 of 2nd period - Zach Hyman is hit by Pierre-Luc Dubois and loses puck.
4:22 of 2nd period - Slapshot by Rasmus Andersson.
4:22 of 2nd period - Stopped by Igor Shesterkin with a rebound.
4:24 of 2nd period - Slapshot by Rasmus Andersson.
4:24 of 2nd period - Stopped by Igor Shesterkin with a rebound.
5:00 of 2nd period - Wrist shot by Sebastian Aho.
5:00 of 2nd period - Stopped by Igor Shesterkin without a rebound.
5:01 of 2nd period - Nathan MacKinnon wins face-off versus Sebastian Aho in New York Rangers zone.
5:06 of 2nd period - Slapshot by Artemi Panarin.
5:06 of 2nd period - Stopped by Samuel Montembeault with a rebound.
5:20 of 2nd period - Snap shot by Sebastian Aho.
5:20 of 2nd period - Stopped by Igor Shesterkin without a rebound.
5:21 of 2nd period - Filip Chytil wins face-off versus Nic Dowd in New York Rangers zone.
5:21 of 2nd period - Filip Chytil is hit by Oliver Bjorkstrand.
5:24 of 2nd period - Minor Penalty to Matthew Benning for Hooking.
5:25 of 2nd period - J.T. Miller wins face-off versus David Kampf in New York Rangers zone.
5:39 of 2nd period - Slapshot by Matthew Tkachuk.
5:39 of 2nd period - Deflect By Mark Giordano.
5:39 of 2nd period - Stopped by Igor Shesterkin without a rebound.
5:40 of 2nd period - J.T. Miller wins face-off versus David Kampf in New York Rangers zone.
5:41 of 2nd period - Snap shot by Matthew Tkachuk.
5:41 of 2nd period - Stopped by Igor Shesterkin without a rebound.
5:42 of 2nd period - J.T. Miller wins face-off versus David Kampf in New York Rangers zone.
5:49 of 2nd period - Wrist shot by J.T. Miller.
5:49 of 2nd period - Stopped by Igor Shesterkin without a rebound.
5:50 of 2nd period - David Kampf wins face-off versus J.T. Miller in New York Rangers zone.
6:28 of 2nd period - Snap shot by Matthew Tkachuk.
6:28 of 2nd period - Goal by Matthew Tkachuk - Calgary Flames : 3 - New York Rangers : 0.
6:29 of 2nd period - Sebastian Aho wins face-off versus Pierre-Luc Dubois in neutral zone.
6:38 of 2nd period - Backhand shot by Kris Letang.
6:38 of 2nd period - Shot Blocked by Artemi Panarin.
6:40 of 2nd period - Slapshot by Timo Meier.
6:40 of 2nd period - Stopped by Igor Shesterkin with a rebound.
6:42 of 2nd period - Snap shot by Timo Meier.
6:42 of 2nd period - Shot Misses the Net.
6:44 of 2nd period - Snap shot by Sebastian Aho.
6:44 of 2nd period - Stopped by Igor Shesterkin with a rebound.
7:02 of 2nd period - Wrist shot by Oliver Bjorkstrand.
7:02 of 2nd period - Deflect By Cole Caufield.
7:02 of 2nd period - Shot Misses the Net.
7:02 of 2nd period - Puck is out of play.
7:03 of 2nd period - Filip Chytil wins face-off versus Nic Dowd in New York Rangers zone.
7:03 of 2nd period - Filip Chytil is hit by Mathieu Joseph.
7:12 of 2nd period - Off-side.
7:13 of 2nd period - Filip Chytil wins face-off versus Nic Dowd in neutral zone.
7:22 of 2nd period - Minor Penalty to Drew Doughty for Hooking.
7:23 of 2nd period - J.T. Miller wins face-off versus Mikael Granlund in Calgary Flames zone.
7:40 of 2nd period - Wrist shot by Joel Eriksson Ek.
7:40 of 2nd period - Stopped by Igor Shesterkin without a rebound.
7:41 of 2nd period - J.T. Miller wins face-off versus Pierre-Luc Dubois in New York Rangers zone.
7:56 of 2nd period - Wrist shot by Artemi Panarin.
7:56 of 2nd period - Stopped by Samuel Montembeault with a rebound.
8:08 of 2nd period - Cole Caufield is hit by J.T. Miller and loses puck.
8:27 of 2nd period - Adam Larsson is hit by Joel Eriksson Ek and loses puck.
9:22 of 2nd period - Penalty to Drew Doughty is over, Drew Doughty is back on ice.
9:36 of 2nd period - Nic Dowd is hit by Mark Giordano and loses puck.
11:12 of 2nd period - Drew Doughty is hit by Tyler Motte and loses puck.
12:14 of 2nd period - Wrist shot by Nic Dowd.
12:14 of 2nd period - Stopped by Igor Shesterkin with a rebound.
12:16 of 2nd period - Wrist shot by Matthew Tkachuk.
12:16 of 2nd period - Stopped by Igor Shesterkin without a rebound.
12:17 of 2nd period - Joel Eriksson Ek wins face-off versus David Kampf in New York Rangers zone.
13:28 of 2nd period - Conor Garland is hit by Drew Doughty and loses puck.
14:03 of 2nd period - Snap shot by J.T. Miller.
14:03 of 2nd period - Stopped by Igor Shesterkin without a rebound.
14:04 of 2nd period - J.T. Miller wins face-off versus Eric Robinson in New York Rangers zone.
14:51 of 2nd period - Slapshot by J.T. Miller.
14:51 of 2nd period - Stopped by Igor Shesterkin with a rebound.
15:01 of 2nd period - J.T. Miller is hit by Eric Robinson and loses puck.
15:26 of 2nd period - J.T. Miller is hit by Eric Robinson and loses puck.
15:47 of 2nd period - Snap shot by Matthew Tkachuk.
15:47 of 2nd period - Shot Blocked by Adam Larsson.
15:49 of 2nd period - Backhand shot by J.T. Miller.
15:49 of 2nd period - Goal by J.T. Miller - Calgary Flames : 4 - New York Rangers : 0.
15:50 of 2nd period - Pierre-Luc Dubois wins face-off versus Nic Dowd in neutral zone.
16:04 of 2nd period - Snap shot by Nathan MacKinnon.
16:04 of 2nd period - Shot Blocked by Ryan McDonagh.
16:49 of 2nd period - Snap shot by Filip Chytil.
16:49 of 2nd period - Stopped by Samuel Montembeault with a rebound.
17:24 of 2nd period - Slapshot by Ryan McDonagh.
17:24 of 2nd period - Shot Misses the Net.
17:44 of 2nd period - Snap shot by Mathew Barzal.
17:44 of 2nd period - Shot Misses the Net.
18:02 of 2nd period - Mark Giordano is hit by Oliver Bjorkstrand and loses puck.
19:08 of 2nd period - Jeff Petry is hit by Gabriel Landeskog and loses puck.
19:48 of 2nd period - Dmitry Kulikov is hit by Jeff Petry and loses puck.
Goals for this period are 2 for Calgary Flames vs 0 for New York Rangers.
Shots for this period are 16 for Calgary Flames vs 6 for New York Rangers.
3rd period
0:01 of 3rd period - Pierre-Luc Dubois wins face-off versus Nic Dowd in neutral zone.
0:10 of 3rd period - Wrist shot by Nathan MacKinnon.
0:10 of 3rd period - Stopped by Samuel Montembeault with a rebound.
0:12 of 3rd period - Snap shot by Nathan MacKinnon.
0:12 of 3rd period - Goal by Nathan MacKinnon - Calgary Flames : 4 - New York Rangers : 1.
0:13 of 3rd period - Nic Dowd wins face-off versus Pierre-Luc Dubois in neutral zone.
0:22 of 3rd period - Backhand shot by Nathan MacKinnon.
0:22 of 3rd period - Shot Misses the Net.
0:28 of 3rd period - Wrist shot by Artemi Panarin.
0:28 of 3rd period - Shot Blocked by Ryan McDonagh.
0:30 of 3rd period - Snap shot by Nathan MacKinnon.
0:30 of 3rd period - Stopped by Samuel Montembeault without a rebound.
0:31 of 3rd period - Sebastian Aho wins face-off versus Filip Chytil in Calgary Flames zone.
0:33 of 3rd period - Minor Penalty to Zach Hyman for Slashing.
0:34 of 3rd period - J.T. Miller wins face-off versus Pierre-Luc Dubois in Calgary Flames zone.
1:01 of 3rd period - Snap shot by Cole Caufield.
1:01 of 3rd period - Stopped by Samuel Montembeault with a rebound.
1:05 of 3rd period - Slapshot by Mikael Granlund.
1:05 of 3rd period - Shot Misses the Net.
1:07 of 3rd period - Slapshot by Filip Chytil.
1:07 of 3rd period - Stopped by Samuel Montembeault with a rebound.
1:09 of 3rd period - Slapshot by Mark Giordano.
1:09 of 3rd period - Deflect By Jeff Petry.
1:09 of 3rd period - Stopped by Samuel Montembeault with a rebound.
1:11 of 3rd period - Wrist shot by Gabriel Landeskog.
1:11 of 3rd period - Stopped by Samuel Montembeault without a rebound.
1:12 of 3rd period - Pierre-Luc Dubois wins face-off versus J.T. Miller in Calgary Flames zone.
1:13 of 3rd period - Snap shot by Artemi Panarin.
1:13 of 3rd period - Stopped by Samuel Montembeault with a rebound.
2:33 of 3rd period - Penalty to Zach Hyman is over, Zach Hyman is back on ice.
2:42 of 3rd period - Snap shot by Joel Eriksson Ek.
2:42 of 3rd period - Stopped by Igor Shesterkin with a rebound.
2:52 of 3rd period - Wrist shot by Zach Hyman.
2:52 of 3rd period - Shot Blocked by Mathew Barzal.
3:08 of 3rd period - Slapshot by Drew Doughty.
3:08 of 3rd period - Deflect By Joel Eriksson Ek.
3:08 of 3rd period - Shot Misses the Net.
3:08 of 3rd period - Puck is out of play.
3:09 of 3rd period - Cole Sillinger wins face-off versus Mikael Granlund in New York Rangers zone.
3:10 of 3rd period - Backhand shot by Kris Letang.
3:10 of 3rd period - Stopped by Igor Shesterkin with a rebound.
3:12 of 3rd period - Wrist shot by Cole Sillinger.
3:12 of 3rd period - Shot Misses the Net.
3:14 of 3rd period - Slapshot by Kris Letang.
3:14 of 3rd period - Shot Misses the Net.
3:38 of 3rd period - Backhand shot by Eric Robinson.
3:38 of 3rd period - Stopped by Samuel Montembeault without a rebound.
3:39 of 3rd period - Sebastian Aho wins face-off versus David Kampf in Calgary Flames zone.
4:04 of 3rd period - Rafael Harvey-Pinard is hit by Cam Fowler and loses puck.
4:11 of 3rd period - Wrist shot by Conor Garland.
4:11 of 3rd period - Shot Blocked by Jeff Petry.
4:13 of 3rd period - Snap shot by Gabriel Landeskog.
4:13 of 3rd period - Stopped by Samuel Montembeault without a rebound.
4:14 of 3rd period - Pierre-Luc Dubois wins face-off versus Nic Dowd in Calgary Flames zone.
4:21 of 3rd period - Backhand shot by Nathan MacKinnon.
4:21 of 3rd period - Stopped by Samuel Montembeault without a rebound.
4:22 of 3rd period - Pierre-Luc Dubois wins face-off versus Oliver Bjorkstrand in Calgary Flames zone.
4:52 of 3rd period - Artemi Panarin is hit by Mathieu Joseph and loses puck.
4:59 of 3rd period - Snap shot by Artemi Panarin.
4:59 of 3rd period - Stopped by Samuel Montembeault without a rebound.
5:00 of 3rd period - Sebastian Aho wins face-off versus Filip Chytil in Calgary Flames zone.
5:05 of 3rd period - Wrist shot by Filip Chytil.
5:05 of 3rd period - Deflect By Cole Caufield.
5:05 of 3rd period - Shot Misses the Net.
5:05 of 3rd period - Puck is out of play.
5:06 of 3rd period - Filip Chytil wins face-off versus Sebastian Aho in Calgary Flames zone.
5:13 of 3rd period - Snap shot by Cole Caufield.
5:13 of 3rd period - Shot Misses the Net.
5:52 of 3rd period - Off-side.
5:53 of 3rd period - Mikael Granlund wins face-off versus Nic Dowd in neutral zone.
6:06 of 3rd period - Snap shot by Oliver Bjorkstrand.
6:06 of 3rd period - Shot Blocked by Cam Fowler.
6:08 of 3rd period - Slapshot by Kris Letang.
6:08 of 3rd period - Shot Blocked by Dmitry Kulikov.
6:26 of 3rd period - Snap shot by Pierre-Luc Dubois.
6:26 of 3rd period - Stopped by Samuel Montembeault with a rebound.
6:28 of 3rd period - Slapshot by Dmitry Kulikov.
6:28 of 3rd period - Shot Blocked by Ryan McDonagh.
6:44 of 3rd period - Mark Giordano is hit by Matthew Tkachuk and loses puck.
7:02 of 3rd period - Kris Letang is hit by Adam Larsson and loses puck.
7:52 of 3rd period - Slapshot by Sebastian Aho.
7:52 of 3rd period - Shot Blocked by Artemi Panarin.
8:38 of 3rd period - Snap shot by Cam Fowler.
8:38 of 3rd period - Shot Blocked by Nic Dowd.
8:48 of 3rd period - Slapshot by Drew Doughty.
8:48 of 3rd period - Deflect By Cam Fowler.
8:48 of 3rd period - Stopped by Igor Shesterkin with a rebound.
8:50 of 3rd period - Wrist shot by Jeff Petry.
8:50 of 3rd period - Shot Misses the Net.
8:54 of 3rd period - Snap shot by Cole Sillinger.
8:54 of 3rd period - Stopped by Igor Shesterkin with a rebound.
9:16 of 3rd period - Snap shot by Nathan MacKinnon.
9:16 of 3rd period - Shot Misses the Net.
9:18 of 3rd period - Snap shot by Dmitry Kulikov.
9:18 of 3rd period - Shot Blocked by Sebastian Aho.
9:20 of 3rd period - Snap shot by Artemi Panarin.
9:20 of 3rd period - Shot Blocked by Timo Meier.
9:22 of 3rd period - Wrist shot by Pierre-Luc Dubois.
9:22 of 3rd period - Stopped by Samuel Montembeault with a rebound.
10:04 of 3rd period - Snap shot by Rafael Harvey-Pinard.
10:04 of 3rd period - Stopped by Igor Shesterkin with a rebound.
10:42 of 3rd period - Minor Penalty to Michael Anderson for Slashing.
10:43 of 3rd period - J.T. Miller wins face-off versus Pierre-Luc Dubois in Calgary Flames zone.
10:43 of 3rd period - J.T. Miller is hit by Adam Larsson.
10:50 of 3rd period - Icing by Adam Larsson.
10:51 of 3rd period - Nathan MacKinnon wins face-off versus J.T. Miller in New York Rangers zone.
11:08 of 3rd period - Snap shot by Artemi Panarin.
11:08 of 3rd period - Shot Blocked by Ryan McDonagh.
11:10 of 3rd period - Snap shot by Mark Giordano.
11:10 of 3rd period - Stopped by Samuel Montembeault with a rebound.
11:12 of 3rd period - Slapshot by Filip Chytil.
11:12 of 3rd period - Stopped by Samuel Montembeault with a rebound.
11:14 of 3rd period - Snap shot by Nathan MacKinnon.
11:14 of 3rd period - Goal by Nathan MacKinnon - Calgary Flames : 4 - New York Rangers : 2.
11:15 of 3rd period - Nic Dowd wins face-off versus Pierre-Luc Dubois in neutral zone.
11:26 of 3rd period - Snap shot by Oliver Bjorkstrand.
11:26 of 3rd period - Shot Misses the Net.
11:28 of 3rd period - Snap shot by Mathieu Joseph.
11:28 of 3rd period - Shot Hit the Post.
11:30 of 3rd period - Slapshot by Drew Doughty.
11:30 of 3rd period - Shot Blocked by Cam Fowler.
12:19 of 3rd period - Slapshot by Pierre-Luc Dubois.
12:19 of 3rd period - Shot Misses the Net.
12:35 of 3rd period - Snap shot by Nathan MacKinnon.
12:35 of 3rd period - Stopped by Samuel Montembeault with a rebound.
12:37 of 3rd period - Slapshot by Dmitry Kulikov.
12:37 of 3rd period - Deflect By Pierre-Luc Dubois.
12:37 of 3rd period - Shot Misses the Net.
12:37 of 3rd period - Puck is out of play.
12:38 of 3rd period - Cole Caufield wins face-off versus Sebastian Aho in Calgary Flames zone.
12:39 of 3rd period - Snap shot by Mathew Barzal.
12:39 of 3rd period - Stopped by Samuel Montembeault without a rebound.
12:40 of 3rd period - Sebastian Aho wins face-off versus Filip Chytil in Calgary Flames zone.
13:32 of 3rd period - Snap shot by Zach Hyman.
13:32 of 3rd period - Shot Misses the Net.
13:34 of 3rd period - Wrist shot by Zach Hyman.
13:34 of 3rd period - Stopped by Igor Shesterkin with a rebound.
13:38 of 3rd period - Wrist shot by Sebastian Aho.
13:38 of 3rd period - Shot Misses the Net.
14:39 of 3rd period - Snap shot by Mathew Barzal.
14:39 of 3rd period - Stopped by Samuel Montembeault without a rebound.
14:40 of 3rd period - Pierre-Luc Dubois wins face-off versus Nic Dowd in Calgary Flames zone.
14:45 of 3rd period - Wrist shot by Pierre-Luc Dubois.
14:45 of 3rd period - Deflect By Artemi Panarin.
14:45 of 3rd period - Stopped by Samuel Montembeault without a rebound.
14:46 of 3rd period - Pierre-Luc Dubois wins face-off versus Nic Dowd in Calgary Flames zone.
15:13 of 3rd period - Mikael Granlund is hit by J.T. Miller and loses puck.
16:00 of 3rd period - Wrist shot by Mathieu Joseph.
16:00 of 3rd period - Stopped by Igor Shesterkin with a rebound.
16:02 of 3rd period - Slapshot by Nic Dowd.
16:02 of 3rd period - Shot Blocked by Dmitry Kulikov.
16:04 of 3rd period - Slapshot by Mathieu Joseph.
16:04 of 3rd period - Stopped by Igor Shesterkin without a rebound.
16:05 of 3rd period - J.T. Miller wins face-off versus Pierre-Luc Dubois in New York Rangers zone.
16:14 of 3rd period - J.T. Miller is hit by Artemi Panarin and loses puck.
16:31 of 3rd period - Tyler Motte is hit by Yakov Trenin and loses puck.
16:53 of 3rd period - Adam Larsson is hit by Mathieu Joseph and loses puck.
19:01 of 3rd period - Drew Doughty is hit by Adam Larsson.
19:47 of 3rd period - Nic Dowd is hit by Gabriel Landeskog and loses puck.
Goals for this period are 0 for Calgary Flames vs 2 for New York Rangers.
Shots for this period are 8 for Calgary Flames vs 21 for New York Rangers.
Back to the Top